 Dungeon Crawl Stone Soup version 0.32-a0-876-gcfddb08e57 (webtiles) character file.

Game seed: 17844727443557939563

196 Lanoc the Slasher (level 5, -9/42 HPs)
             Began as a Coglin Chaos Knight on Apr 1, 2024.
             Was a Plaything of Xom.
             Mangled by a gnoll
             ... wielding a +0 halberd
              (13 damage)
             ... on level 3 of the Dungeon.
             The game lasted 00:02:01 (1398 turns).

Lanoc the Slasher (Coglin Chaos Knight)             Turns: 1398, Time: 00:02:02

Health: -9/42      AC:  5    Str: 13    XL:     5   Next: 74%
Magic:  5/5        EV: 11    Int: 11    God:    Xom [..*...]
Gold:   121        SH:  0    Dex: 15    Spells: 4/4 levels left

rFire   . . .        a - +0 falchion (chaos) {Byeongho}
rCold   . . .        g - +2 dagger (venom) {Bangon}
rNeg    . . .        b - +2 leather armour
rPois   .            (no helmet)
rElec   .            (no cloak)
rCorr   .            (no gloves)
SInv    .            (no boots)
Will    .....        (amulet unavailable)
Stlth   +            (ring unavailable)
HPRegen 0.27/turn    (ring unavailable)
MPRegen 0.09/turn    (no gizmo)

%: no passive effects
@: mighty, revved
A: off-hand wielding, slow wielding, warmup strikes, no jewellery
a: Invent Gizmo, Renounce Religion


You were on level 3 of the Dungeon.
You worshipped Xom.
You were a toy of Xom.
You visited 1 branch of the dungeon, and saw 3 of its levels.

You collected 121 gold pieces.

Inventory:

Hand Weapons
 a - a +0 falchion of chaos (weapon) {Byeongho}
 g - a +2 dagger of venom (offhand) {Bangon}
Armour
 b - a +2 leather armour (worn)
Wands
 k - a wand of warping (9)
 q - a wand of flame (1)
Scrolls
 c - a scroll of butterflies
 d - 2 scrolls of identify {unknown}
 e - 2 scrolls of teleportation {unknown}
 j - a scroll of enchant armour {unknown}
 m - a scroll of immolation {unknown}
 o - a scroll of fog {unknown}
 p - a scroll of blinking {unknown}
Potions
 f - a potion of berserk rage {unknown}
 h - a potion of might
 i - a potion of curing {unknown}
 l - a potion of haste {unknown}
 n - a potion of brilliance {unknown}


   Skills:
 + Level 3.8 Fighting
 * Level 4.5 Long Blades
 + Level 2.7 Armour
 + Level 2.2 Dodging


You had 4 spell levels left.
You didn't know any spells.
Your spell library contained the following spells:

 Spells                   Type           Power      Damage    Failure   Level
 Apportation              Tloc           0%         N/A       41%         1
 Jinxbite                 Hex            0%         N/A       56%         2
 Alistair's Intoxication  Alch           0%         N/A       100%        5


Dungeon Overview and Level Annotations

Branches:
Dungeon (3/15)

Altars:
Makhleb
Vehumet


Innate Abilities, Weirdness & Mutations

You can wield a second weapon in your off-hand.
It takes a long time for you to wield or remove held weapons.
Your first few attacks do less damage.
You cannot equip rings or amulets.


Message History

A gnoll comes into view. It is wielding a +0 halberd.
The gnoll hits you but does no damage.
You closely miss the gnoll with your +0 falchion of chaos.
You hit the gnoll with your +2 dagger of venom.
The gnoll is poisoned.
The gnoll hits you with a +0 halberd!
You hit the gnoll with your +2 dagger of venom.
The gnoll looks as sick as possible!
The gnoll is severely wounded.
You hit the gnoll with your +0 falchion of chaos.
You kill the gnoll!
You completely miss the gnoll with your +0 falchion of chaos.
You closely miss the gnoll with your +2 dagger of venom.
The gnoll hits you with a +0 whip.
The gnoll hits you from afar with a +0 halberd.
You hit the gnoll with your +2 dagger of venom.
The gnoll is poisoned.
The gnoll is moderately wounded.
You hit the gnoll with your +0 falchion of chaos.
You burn the gnoll. The gnoll closely misses you. x2
You barely miss the gnoll with your +2 dagger of venom.
The gnoll is severely wounded.
You barely miss the gnoll with your +0 falchion of chaos.
The gnoll barely misses you. The gnoll hits you but does no damage.
You closely miss the gnoll with your +2 dagger of venom.
The gnoll is severely wounded.
You hit the gnoll but do no damage.
The gnoll appears confused.
You kill the gnoll!
The gnoll hits you from afar with a +0 halberd.
The gnoll hits you with a +0 halberd.
The gnoll hits you from afar with a +0 spear.
Things that are here:
a +0 whip; a +0 halberd; a gnoll corpse You barely miss the gnoll with your +2 dagger of venom.
You completely miss the gnoll with your +0 falchion of chaos.
The gnoll hits you but does no damage. The gnoll hits you with a +0 halberd!
* * * LOW HITPOINT WARNING * * *
It was a potion of might.
You feel very mighty all of a sudden. The gnoll hits you with a +0 halberd!
You die...

#######.###
..........#
.######.#.#
##.#.#
##....#
###(....#
#.......#
#.#.....#
#@##....#
#g#####.#
.g. .#
##.## ##
#.# #.# #.#
..#


You could see 2 gnolls.

Vanquished Creatures
  A crimson imp (D:3)
  Natasha (twice) (D:2)
  2 gnolls (D:3)
  3 adders
  A ribbon worm (D:2)
  2 dart slugs (D:1)
  5 orcs (D:3)
  5 endoplasms
  2 giant cockroaches
  6 goblins
  A hobgoblin (D:1)
  A quokka (D:1)
  9 ball pythons
  7 bats
  2 frilled lizards (D:1)
  3 kobolds
  5 rats
57 creatures vanquished.

Notes
Turn   | Place    | Note
-------+----------+-------------------------------------------
     0 | D:1      | Lanoc the Coglin Chaos Knight began the quest for the Orb.
     0 | D:1      | Reached XP level 1. HP: 18/18 MP: 1/1
     8 | D:1      | Reached skill level 1 in Dodging
    13 | D:1      | XOM: silly message
    40 | D:1      | XOM: potion effect (might)
    42 | D:1      | Reached XP level 2. HP: 24/24 MP: 2/2
   284 | D:1      | Reached XP level 3. HP: 26/29 MP: 3/3
   442 | D:2      | Noticed Natasha
   451 | D:2      | Killed Natasha
   452 | D:2      | Reached XP level 4. HP: 26/35 MP: 4/4
   591 | D:2      | Noticed Natasha
   599 | D:2      | Killed Natasha
   632 | D:2      | XOM: noise
   684 | D:2      | Reached skill level 4 in Long Blades
   686 | D:2      | XOM: silly message
   692 | D:2      | XOM: silly message
   835 | D:2      | XOM: silly message
   964 | D:3      | XOM: god gift: 35 gold pieces
  1064 | D:3      | Reached XP level 5. HP: 38/41 MP: 5/5
  1066 | D:3      | Found a faded altar of an unknown god.
  1281 | D:3      | Found a radiant altar of Vehumet.
  1281 | D:3      | Found a burning altar of Makhleb.
  1398 | D:3      | Mangled by a gnoll

Illustrated notes

Levels and vault maps discovered:
D:1:      lightli_arrival_chessboard, layout_rooms, minmay_tetromino_s4
D:2:      layout_loops_cross, uniq_natasha
D:3:      minmay_chambers_of_threes, layout_loops_ring,
          grunt_temple_overflow_lords_of_destruction,
          nicolae_ecumenical_snake_handling, serial_shops, shop, uniq_terence

Skill      XL: |  1  2  3  4 |
---------------+-------------+-----
Dodging        | 1 2 |  2.2
Armour         | 2 |  2.7
Long Blades    | 4 |  4.5
Fighting       | |  3.8

Action                     |  1- 3 |  4- 6 || total
---------------------------+-------+-------++-------
  Melee: Falchion          |    43 |    60 ||   103
         Dagger            |    42 |    56 ||    98
    Use: Potion            |       |     1 ||     1
   Stab: Sleeping          |     1 |     2 ||     3
 Armour: Leather armour    |    31 |    40 ||    71
  Dodge: Dodged            |    26 |    33 ||    59

Table legend: (Time is in decaauts)
 A = Elapsed time spent in this place.
 B = Non-inter-level travel time spent in this place.
 C = Inter-level travel time spent in this place.
 D = Time resting spent in this place.
 E = Time spent auto-exploring this place.
 F = Levels seen in this place.
 G = Mean time per level.
                   A        B        C        D        E       F      G
               +--------+--------+--------+--------+--------+-----+--------+
         Total |   1405 |   1379 |     26 |      0 |   1053 |   3 |  468.3 |
       Dungeon |   1405 |   1379 |     26 |      0 |   1053 |   3 |  468.3 |
               +--------+--------+--------+--------+--------+-----+--------+

Top non-repeatable levels by time:
     D:2: 597 daAuts
     D:3: 442 daAuts
     D:1: 366 daAuts
